[ AOE2 MATCH · #504968069 ]
UnrankedVikings vs Burmese
Player's team · WIN
Rival team · LOSS
[ REPLAY ANALYSIS · EXTRACTED FROM THE RECORDED GAME ]
Feudal
8:50
Castle
19:21
Imperial
29:02
| APM avg | 73.5 |
| APM peak | 109 |
| eAPM avg | 29.2 |
| Villagers / military | 110 / 92 |
Focus
⚔️ 42.9% · 🌾 57.1%
Archer ×73 · Berserk ×8 · Trebuchet (Packed) ×4 · Militia ×3 · Monk ×2 · Mangonel ×2
Feudal
8:59
Castle
19:53
Imperial
—
| APM avg | 74.5 |
| APM peak | 137 |
| eAPM avg | 45.8 |
| Villagers / military | 120 / 84 |
Focus
⚔️ 62.7% · 🌾 37.3%
Arambai ×66 · Mangonel ×9 · Skirmisher ×4 · Battering Ram ×3 · Petard ×1 · Spearman ×1
Match map
Initial resources + every placement click. Lines = walls · curves = elevation contours. ◆ gold · ⬟ stone · ● berries · ✦ relic · ◌ wall gap
Your base· Open — 7t gap
SalzZ_wide's base· ✓ Closed at 19:53 · 36t walls · 1 gate(s)
Smoothed initial terrain · ◌ = detected wall gap · hover for details
Inputs per minute
— ThunderboltX - - SalzZ_wide
Build order — ThunderboltX
First 150 of 337 actions detected
| 0:00 | Create | Villager (Male) |
| 0:01 | Build | House |
| 0:02 | Build | House |
| 0:10 | Create | Villager (Male) |
| 0:10 | Create | Villager (Male) |
| 0:10 | Create | Villager (Male) |
| 1:29 | Create | Villager (Male) |
| 1:52 | Build | Lumber Camp |
| 1:59 | Create | Villager (Male) |
| 2:02 | Create | Villager (Male) |
| 2:31 | Create | Villager (Male) |
| 2:50 | Create | Villager (Male) |
| 3:09 | Create | Villager (Male) |
| 3:37 | Create | Villager (Male) |
| 3:58 | Build | House |
| 4:06 | Create | Villager (Male) |
| 4:06 | Create | Villager (Male) |
| 4:48 | Build | Barracks |
| 5:06 | Create | Villager (Male) |
| 5:19 | Build | House |
| 5:26 | Build | Palisade Wall |
| 5:29 | Build | Palisade Wall |
| 5:43 | Create | Villager (Male) |
| 5:53 | Research | Loom |
| 6:31 | Research | Feudal Age |
| 6:51 | Build | Mining Camp |
| 6:59 | Create | Militia |
| 6:59 | Create | Militia |
| 7:36 | Create | Militia |
| 7:46 | Build | House |
| 8:05 | Create | Villager (Male) |
| 8:13 | Build | Mill |
| 8:50 | Age | Feudal Age |
| 8:52 | Research | Man-at-Arms (upgrade) |
| 8:52 | Research | Double-Bit Axe |
| 9:20 | Create | Villager (Male) |
| 9:37 | Create | Villager (Male) |
| 9:42 | Build | Archery Range |
| 10:04 | Create | Villager (Male) |
| 10:14 | Build | House |
| 10:21 | Create | Villager (Male) |
| 10:22 | Build | Farm |
| 10:42 | Build | Palisade Wall |
| 10:43 | Create | Archer |
| 10:44 | Create | Villager (Male) |
| 10:51 | Build | Palisade Gate |
| 10:56 | Build | Farm |
| 11:25 | Create | Villager (Male) |
| 11:29 | Create | Archer |
| 12:06 | Create | Archer |
| 12:13 | Create | Villager (Male) |
| 12:15 | Build | Farm |
| 12:17 | Build | Farm |
| 12:18 | Build | Farm |
| 12:20 | Build | Farm |
| 12:21 | Build | Farm |
| 12:34 | Create | Villager (Male) |
| 12:34 | Create | Villager (Male) |
| 12:34 | Create | Villager (Male) |
| 12:44 | Create | Villager (Male) |
| 12:48 | Build | House |
| 12:56 | Build | Palisade Wall |
| 13:05 | Build | House |
| 13:35 | Create | Villager (Male) |
| 13:38 | Build | Farm |
| 13:39 | Build | Farm |
| 13:41 | Build | Farm |
| 13:42 | Build | Farm |
| 13:50 | Create | Archer |
| 14:00 | Create | Villager (Male) |
| 14:05 | Create | Villager (Male) |
| 14:07 | Build | Farm |
| 14:09 | Build | Farm |
| 14:13 | Build | House |
| 14:14 | Build | Palisade Wall |
| 14:53 | Create | Villager (Male) |
| 15:00 | Build | Palisade Wall |
| 15:20 | Build | Archery Range |
| 15:22 | Build | Palisade Wall |
| 16:09 | Create | Villager (Male) |
| 16:13 | Build | Blacksmith |
| 16:16 | Create | Archer |
| 16:37 | Research | Gold Mining |
| 16:41 | Research | Castle Age |
| 16:43 | Research | Horse Collar |
| 17:15 | Create | Archer |
| 17:23 | Build | Lumber Camp |
| 17:34 | Create | Villager (Male) |
| 17:43 | Research | Fletching |
| 17:45 | Research | Padded Archer Armor |
| 17:55 | Create | Archer |
| 17:56 | Create | Archer |
| 17:59 | Create | Villager (Male) |
| 18:13 | Create | Archer |
| 18:13 | Create | Archer |
| 18:31 | Build | Farm |
| 18:32 | Create | Villager (Male) |
| 18:40 | Create | Archer |
| 18:40 | Create | Archer |
| 19:20 | Create | Archer |
| 19:20 | Create | Archer |
| 19:21 | Age | Castle Age |
| 19:22 | Create | Villager (Male) |
| 19:24 | Research | Bodkin Arrow |
| 19:24 | Research | Bodkin Arrow |
| 19:26 | Research | Crossbowman (upgrade) |
| 19:30 | Build | Siege Workshop |
| 19:48 | Research | Bow Saw |
| 19:52 | Create | Archer |
| 19:52 | Create | Archer |
| 19:52 | Create | Archer |
| 20:01 | Build | House |
| 20:16 | Research | Town Watch |
| 20:29 | Create | Mangonel |
| 20:31 | Create | Villager (Male) |
| 20:37 | Build | House |
| 20:40 | Create | Villager (Male) |
| 20:41 | Build | Farm |
| 21:01 | Create | Villager (Male) |
| 21:03 | Build | Farm |
| 21:07 | Build | Farm |
| 21:12 | Build | Farm |
| 21:16 | Build | House |
| 21:28 | Create | Archer |
| 21:28 | Create | Archer |
| 21:32 | Build | Farm |
| 21:38 | Create | Villager (Male) |
| 21:53 | Build | Monastery |
| 22:06 | Create | Mangonel |
| 22:07 | Create | Villager (Male) |
| 22:13 | Create | Archer |
| 22:13 | Create | Archer |
| 22:31 | Create | Monk |
| 22:43 | Create | Villager (Male) |
| 23:04 | Create | Villager (Male) |
| 23:05 | Create | Villager (Male) |
| 23:06 | Build | Town Center |
| 23:16 | Create | Villager (Male) |
| 23:33 | Build | University |
| 23:38 | Build | Mining Camp |
| 23:42 | Create | Archer |
| 23:42 | Create | Archer |
| 23:46 | Build | House |
| 23:46 | Build | House |
| 23:50 | Build | House |
| 23:52 | Build | House |
| 24:01 | Create | Monk |
| 24:16 | Create | Villager (Male) |
| 24:16 | Create | Villager (Male) |
| 24:23 | Build | Farm |
Build order — SalzZ_wide
First 150 of 334 actions detected
| 0:00 | Create | Villager (Male) |
| 0:00 | Create | Villager (Male) |
| 0:01 | Create | Villager (Male) |
| 0:01 | Create | Villager (Male) |
| 0:02 | Build | House |
| 0:03 | Build | House |
| 1:23 | Create | Villager (Male) |
| 1:25 | Build | Lumber Camp |
| 1:36 | Build | Lumber Camp |
| 1:58 | Create | Villager (Male) |
| 2:16 | Create | Villager (Male) |
| 2:33 | Create | Villager (Male) |
| 3:07 | Create | Villager (Male) |
| 3:35 | Create | Villager (Male) |
| 3:35 | Create | Villager (Male) |
| 3:50 | Build | House |
| 3:50 | Build | House |
| 3:54 | Build | House |
| 3:54 | Build | House |
| 3:59 | Create | Villager (Male) |
| 4:20 | Create | Villager (Male) |
| 4:40 | Create | Villager (Male) |
| 4:41 | Build | Mill |
| 4:45 | Create | Villager (Male) |
| 4:53 | Create | Villager (Male) |
| 5:06 | Research | Loom |
| 6:49 | Research | Feudal Age |
| 7:17 | Build | Lumber Camp |
| 8:02 | Build | Barracks |
| 8:05 | Build | House |
| 8:09 | Build | Palisade Wall |
| 8:15 | Create | Villager (Male) |
| 8:18 | Build | Palisade Wall |
| 8:28 | Build | Palisade Wall |
| 8:31 | Build | Palisade Wall |
| 8:36 | Create | Villager (Male) |
| 8:42 | Create | Villager (Male) |
| 8:59 | Age | Feudal Age |
| 9:05 | Create | Villager (Male) |
| 9:09 | Build | House |
| 9:18 | Create | Villager (Male) |
| 9:28 | Create | Villager (Male) |
| 9:37 | Build | Archery Range |
| 9:54 | Create | Villager (Male) |
| 9:59 | Build | Stone Wall |
| 10:16 | Create | Skirmisher |
| 10:29 | Research | Horse Collar |
| 10:29 | Research | Horse Collar |
| 10:35 | Create | Villager (Male) |
| 10:43 | Create | Skirmisher |
| 10:46 | Create | Villager (Male) |
| 10:53 | Build | Farm |
| 10:56 | Create | Skirmisher |
| 10:57 | Create | Villager (Male) |
| 11:13 | Create | Spearman |
| 11:18 | Create | Villager (Male) |
| 11:20 | Create | Skirmisher |
| 11:37 | Build | Farm |
| 11:38 | Build | Farm |
| 11:41 | Build | Farm |
| 11:43 | Build | Palisade Wall |
| 11:45 | Build | House |
| 11:55 | Create | Villager (Male) |
| 12:03 | Build | Palisade Wall |
| 12:13 | Create | Villager (Male) |
| 12:18 | Create | Villager (Male) |
| 12:24 | Build | House |
| 12:27 | Research | Town Watch |
| 12:27 | Research | Town Watch |
| 12:29 | Create | Villager (Male) |
| 12:33 | Build | Stone Wall |
| 12:36 | Create | Villager (Male) |
| 12:39 | Build | House |
| 12:42 | Create | Villager (Male) |
| 12:49 | Create | Villager (Male) |
| 13:05 | Create | Villager (Male) |
| 13:09 | Create | Villager (Male) |
| 13:15 | Build | Farm |
| 13:15 | Build | Farm |
| 13:19 | Build | Palisade Gate |
| 13:34 | Create | Villager (Male) |
| 13:37 | Build | House |
| 13:41 | Create | Villager (Male) |
| 13:43 | Build | Farm |
| 13:50 | Build | Farm |
| 13:51 | Build | Farm |
| 13:52 | Build | Farm |
| 13:56 | Create | Villager (Male) |
| 14:03 | Build | Palisade Wall |
| 14:15 | Create | Villager (Male) |
| 14:27 | Build | Farm |
| 14:29 | Build | Farm |
| 14:40 | Create | Villager (Male) |
| 14:44 | Build | Mining Camp |
| 14:49 | Build | Farm |
| 14:51 | Build | Farm |
| 15:07 | Create | Villager (Male) |
| 15:09 | Build | Mining Camp |
| 15:52 | Build | Palisade Wall |
| 15:54 | Create | Villager (Male) |
| 16:06 | Build | House |
| 16:11 | Build | House |
| 16:15 | Create | Villager (Male) |
| 16:17 | Build | Blacksmith |
| 16:18 | Build | Farm |
| 16:24 | Build | House |
| 16:24 | Build | House |
| 16:33 | Create | Villager (Male) |
| 16:37 | Build | House |
| 17:13 | Research | Castle Age |
| 17:16 | Build | House |
| 17:19 | Build | House |
| 17:20 | Build | House |
| 17:21 | Build | House |
| 17:21 | Build | House |
| 17:35 | Build | House |
| 17:42 | Research | Stone Mining |
| 17:55 | Build | House |
| 18:55 | Create | Villager (Male) |
| 19:41 | Research | Padded Archer Armor |
| 19:45 | Create | Villager (Male) |
| 19:53 | Age | Castle Age |
| 19:53 | Create | Villager (Male) |
| 19:58 | Build | Castle |
| 20:01 | Create | Villager (Male) |
| 20:14 | Build | Stable |
| 20:24 | Build | Siege Workshop |
| 20:31 | Create | Villager (Male) |
| 20:48 | Create | Villager (Male) |
| 20:51 | Create | Arambai |
| 20:54 | Create | Arambai |
| 20:56 | Build | House |
| 21:04 | Research | Gold Mining |
| 21:07 | Create | Villager (Male) |
| 21:14 | Create | Arambai |
| 21:20 | Create | Mangonel |
| 21:21 | Create | Villager (Male) |
| 21:28 | Create | Arambai |
| 21:30 | Create | Villager (Male) |
| 21:33 | Create | Villager (Male) |
| 21:46 | Create | Arambai |
| 21:55 | Create | Villager (Male) |
| 22:01 | Create | Arambai |
| 22:06 | Build | Farm |
| 22:07 | Build | Farm |
| 22:16 | Create | Arambai |
| 22:17 | Create | Villager (Male) |
| 22:27 | Build | Farm |
| 22:40 | Create | Villager (Male) |
| 22:42 | Create | Arambai |
Match timeline
| 4:48 | ThunderboltX · first_building Barracks |
| 5:26 | ThunderboltX · wall_segment Palisade Wall x1 |
| 5:29 | ThunderboltX · wall_segment Palisade Wall x1 |
| 8:02 | SalzZ_wide · first_building Barracks |
| 8:09 | SalzZ_wide · wall_segment Palisade Wall x7 |
| 8:18 | SalzZ_wide · wall_segment Palisade Wall x6 |
| 8:28 | SalzZ_wide · wall_segment Palisade Wall x9 |
| 8:31 | SalzZ_wide · wall_segment Palisade Wall x1 |
| 8:50 | ThunderboltX · age_up feudal |
| 8:59 | SalzZ_wide · age_up feudal |
| 9:37 | SalzZ_wide · first_building Archery Range |
| 9:42 | ThunderboltX · first_building Archery Range |
| 9:59 | SalzZ_wide · wall_segment Stone Wall x7 |
| 10:42 | ThunderboltX · wall_segment Palisade Wall x12 |
| 11:43 | SalzZ_wide · wall_segment Palisade Wall x1 |
| 12:03 | SalzZ_wide · wall_segment Palisade Wall x1 |
| 12:33 | SalzZ_wide · wall_segment Stone Wall x5 |
| 12:56 | ThunderboltX · wall_segment Palisade Wall x10 |
| 14:03 | SalzZ_wide · wall_segment Palisade Wall x1 |
| 14:14 | ThunderboltX · wall_segment Palisade Wall x6 |
| 15:00 | ThunderboltX · wall_segment Palisade Wall x2 |
| 15:22 | ThunderboltX · wall_segment Palisade Wall x7 |
| 15:52 | SalzZ_wide · wall_segment Palisade Wall x1 |
| 19:21 | ThunderboltX · age_up castle |
| 19:30 | ThunderboltX · first_building Siege Workshop |
| 19:53 | SalzZ_wide · age_up castle |
| 19:58 | SalzZ_wide · first_building Castle |
| 20:14 | SalzZ_wide · first_building Stable |
| 20:24 | SalzZ_wide · first_building Siege Workshop |
| 21:53 | ThunderboltX · first_building Monastery |
| 29:02 | ThunderboltX · age_up imperial |
| 30:14 | ThunderboltX · first_building Castle |
| 32:28 | SalzZ_wide · first_market_buy 100 stone |
| 34:33 | SalzZ_wide · first_market_sell 100 food |
| 38:00 | ThunderboltX · first_market_buy 100 wood |
| 38:03 | ThunderboltX · first_market_sell 100 food |
| 38:03 | SalzZ_wide · resign |
[ AI ANALYSIS · 1 CREDIT ]
What really happened in this match?
Wolo.gg analyzes every decision: build order, eco, micro, common mistakes by bracket. Personalized analysis on WhatsApp or Discord in 30 seconds.
Civ guide
Vikings
Perfil
Jugador #25183359